 Dungeon Crawl Stone Soup version 0.17-a0-1805-g6093636 (webtiles) character file.

8562 Medved the Cleaver (level 11, 0/97 HPs)
             Began as a Minotaur Berserker on Sept 12, 2015.
             Was a High Priest of Trog.
             Slain by Snorg (8 damage)
             ... on level 10 of the Dungeon.
             The game lasted 00:30:53 (10846 turns).

Medved the Cleaver (Minotaur Berserker)            Turns: 10846, Time: 00:30:54

Health: 0/97       AC: 19    Str: 27    XL:     11   Next: 11%
Magic:  0/3        EV:  4    Int:  7    God:    Trog [*****.]
Gold:   598        SH: 14    Dex: 10    Spells: 0 memorised, 10 levels left

rFire  . . .     SeeInvis .     T - +0 war axe (antimagic)
rCold  . . .     Clarity  .     q - +1 plate armour
rNeg   . . .     SustAt   .     U - +0 large shield
rPois  +         Gourm    .     (helmet restricted)
rElec  .         Spirit   +     (no cloak)
rCorr  .         Warding  .     (no gloves)
rMut   .         Stasis   .     H - +1 pair of boots
MR     .....                    e - amulet of guardian spirit
Stlth  ..........               D - ring of poison resistance
                                E - +5 ring of strength

@: not resistant to hostile enchantments, extremely unstealthy
A: retaliatory headbutt, horns 2
a: Burn Spellbooks, Berserk, Trog's Hand, Brothers in Arms, Renounce Religion


You were on level 10 of the Dungeon.
You worshipped Trog.
Trog was extremely pleased with you.
You were very hungry.

You visited 2 branches of the dungeon, and saw 11 of its levels.

You collected 792 gold pieces.
You spent 194 gold pieces at shops.

Inventory:

Hand weapons
 G - a +1 battleaxe of venom
 T - a +0 antimagic war axe (weapon)
Armour
 q - a +1 plate armour (worn)
 H - a +1 pair of boots (worn)
 U - a +0 large shield (worn)
Jewellery
 e - an amulet of guardian spirit (around neck)
 l - an uncursed amulet of resist mutation
 B - an uncursed amulet of resist mutation
 D - a ring of poison resistance (right hand)
 E - a +5 ring of strength (left hand)
 O - a +6 ring of evasion
Magical devices
 F - a wand of draining (5)
 P - a wand of frost (11)
 R - a wand of cold (2)
 W - a wand of flame (6)
Scrolls
 f - a scroll of recharging {unknown}
 g - 2 scrolls of random uselessness {unknown}
 i - 8 scrolls of remove curse
 o - 4 scrolls of enchant armour
 x - 4 scrolls of blinking {unknown}
 y - 4 scrolls of teleportation
 A - 4 scrolls of immolation
 J - a scroll of magic mapping {unknown}
 M - a scroll of amnesia {unknown}
Potions
 h - a potion of agility {unknown}
 k - a potion of cure mutation {unknown}
 n - 2 potions of curing
 p - a potion of brilliance {unknown}
 r - 2 potions of ambrosia {unknown}
 t - 2 potions of haste {unknown}
 v - 2 potions of might {unknown}
 w - 3 potions of lignification
 z - 2 potions of flight {unknown}
 I - a potion of poison {unknown}
 K - 3 potions of heal wounds {unknown}
 L - 2 potions of mutation {unknown}
 N - 4 potions of cancellation
 Q - a potion of degeneration {unknown}
Comestibles
 c - 8 bread rations
 d - 4 beef jerkies
 j - 2 slices of pizza
 m - 8 meat rations
 s - a royal jelly
 u - 8 fruits


   Skills:
 + Level 9.1 Fighting
 * Level 13.9 Axes
 * Level 12.3 Armour
 - Level 2.1 Dodging
 + Level 2.1 Shields


You had 10 spell levels left.
You didn't know any spells.

Dungeon Overview and Level Annotations

Branches:
Dungeon (10/15)            Temple (1/1) D:4
   Lair: D:8-11         Orc: D:9-12

Altars:
Ashenzari
Cheibriados
Dithmenos
Elyvilon
Fedhas
Gozag
Kikubaaqudgha
Makhleb
Nemelex Xobeh
Okawaru
Qazlal
Sif Muna
Trog
Vehumet
Xom
Yredelemnul
Zin
The Shining One

Shops:
D:7 *

Annotations:
D:10 Snorg


Innate Abilities, Weirdness & Mutations

You reflexively headbutt those who attack you in melee.
You have a pair of horns on your head.


Message History

Snorg is lightly wounded.
You block Snorg's attack. Snorg claws you! Snorg completely misses you.
You slash Snorg!
Snorg is moderately wounded.
Snorg bites you! Snorg claws you.
* * * LOW HITPOINT WARNING * * *
Snorg claws you but does no damage.
You hit Snorg. You headbutt Snorg.
Snorg is moderately wounded.
You block Snorg's attack. Snorg claws you.
* * * LOW HITPOINT WARNING * * *
Snorg claws you!
* * * LOW HITPOINT WARNING * * *
Snorg bites you.
* * * LOW HITPOINT WARNING * * *
You block Snorg's attack. Snorg barely misses you.
Use which ability?
Okay, then.
Snorg bites you but does no damage. Snorg claws you!
You die...

############.... #...
................ #...
##########...... #...
######.##.#. #...
#.))))(#..## #)..###
#.####...### #....<##
#..# #.#####
#...#..#########.##
#.# ##.
#.....oo.rT@.....#
#.###..
####...#####'##..#
..##..# #..##
#⌠.⌠.#}...# ####.##
#.##.##....#.# # #.#
#.8..$#._..#. #.#
#....G#....#.# ###†#
#....$#....#.. ##.(.#
#.8..$#._..#..##
#..###
#.##.##....#...####.##


You could see Snorg (berserk), an orc priest, an orc and a quokka.

Vanquished Creatures
  Erica (D:8)
  An unseen horror (D:10)
  The ghost of Duffy the Cudgeler, an experienced FoWr of Makhleb (D:4)
  A troll (D:9)
  A two-headed ogre (D:10)
  The ghost of Pikaro the Conjurer, an average DrVM of Xom (D:5)
  A vampire (D:10)
  A spriggan (D:8)
  A centaur simulacrum (D:10)
  Grum (D:8)
  A water moccasin (D:8)
  3 wolves (D:8)
  5 orc warriors
  3 phantoms
  A crocodile (D:10)
  5 centaurs
  7 ogres
  9 giant frogs
  A big kobold (D:8)
  A water moccasin zombie (D:6)
  A water moccasin skeleton (D:6)
  5 scorpions
  18 killer bees
  6 crimson imps
  2 giant frog zombies
  10 orc priests
  4 jellies
  10 orc wizards
  A centaur zombie (D:6)
  A quasit (D:8)
  5 hounds
  6 worker ants
  2 giant frog skeletons (D:5)
  3 iguanas (D:8)
  A worker ant zombie (D:8)
  2 hound skeletons
  10 adders
  3 gnolls (D:8)
  A shadow imp (D:9)
  An ooze (D:3)
  2 adder skeletons
  4 worms
  4 giant geckos
  43 orcs
  A ball python (D:3)
  6 giant cockroaches
  6 goblins
  7 hobgoblins
  7 bats
  A giant gecko skeleton (D:7)
  9 giant newts
  4 jackals (D:2)
  13 kobolds
  4 quokkas
  A quokka zombie (D:7)
  12 rats
262 creatures vanquished.

Notes
Turn   | Place    | Note
--------------------------------------------------------------
     0 | D:1      | Medved the Minotaur Berserker began the quest for the Orb.
     0 | D:1      | Reached XP level 1. HP: 19/19 MP: 0/0
   200 | D:1      | Reached skill level 4 in Axes
   233 | D:1      | Reached XP level 2. HP: 22/27 MP: 1/1
  1051 | D:2      | Reached XP level 3. HP: 33/33 MP: 2/2
  1108 | D:2      | Acquired Trog's second power
  1165 | D:2      | Reached skill level 5 in Axes
  1637 | D:2      | Reached XP level 4. HP: 39/41 MP: 3/3
  1747 | D:3      | Found a faded altar to an unknown god.
  2750 | D:4      | Noticed a phantom
  2763 | D:4      | Reached XP level 5. HP: 47/47 MP: 4/4
  2764 | D:4      | Killed a phantom
  2764 | D:4      | Reached skill level 5 in Fighting
  2764 | D:4      | Reached skill level 6 in Axes
  2804 | D:4      | Found a white marble altar of Elyvilon.
  2808 | D:4      | Found an ancient bone altar of Kikubaaqudgha.
  2820 | D:4      | Found a shadowy altar of Dithmenos.
  2909 | D:4      | Found a glowing golden altar of the Shining One.
  2940 | D:4      | Noticed Duffy's ghost (experienced FoWr)
  2961 | D:4      | Killed Duffy's ghost
  2961 | D:4      | Reached skill level 7 in Axes
  2961 | D:4      | Reached XP level 6. HP: 57/57 MP: 5/5
  2961 | D:4      | Reached XP level 7. HP: 62/62 MP: 6/6
  3231 | D:4      | Reached skill level 5 in Armour
  3236 | D:4      | Reached skill level 8 in Axes
  3526 | D:4      | HP: 3/64 [poisoned by a worker ant]
  3534 | D:4      | HP: 3/64 [poisoned by a worker ant]
  3542 | D:4      | HP: 2/64 [poisoned by a worker ant]
  3962 | D:4      | Found a staircase to the Ecumenical Temple.
  4143 | Temple   | Entered the Ecumenical Temple
  4282 | D:5      | Entered Level 5 of the Dungeon
  4325 | D:5      | Found a radiant altar of Vehumet.
  4433 | D:5      | Reached XP level 8. HP: 58/71 MP: 5/7
  4444 | D:5      | Found an iron altar of Okawaru.
  4578 | D:5      | Reached skill level 9 in Axes
  4782 | D:5      | Noticed Pikaro's ghost (average DrVM)
  4842 | D:5      | Killed Pikaro's ghost
  5596 | D:6      | Acquired Trog's third power
  5788 | D:6      | Reached skill level 10 in Axes
  5847 | D:6      | HP: 3/73 [poisoned by an orc warrior]
  6300 | D:6      | Reached XP level 9. HP: 72/79 MP: 6/8
  7133 | D:7      | Reached skill level 11 in Axes
  7161 | D:7      | Found Odadecom's Assorted Antiques.
  7180 | D:7      | Bought a scroll of enchant armour for 157 gold pieces
  7180 | D:7      | Bought 2 blue potions for 37 gold pieces
  7749 | D:8      | Reached skill level 10 in Armour
  7862 | D:8      | Reached skill level 12 in Axes
  7879 | D:8      | Found a sparkling altar of Nemelex Xobeh.
  8008 | D:8      | Noticed Erica
  8015 | D:8      | Killed Erica
  8015 | D:8      | Reached XP level 10. HP: 84/88 MP: 9/9
  8340 | D:8      | Noticed Grum
  8355 | D:8      | Killed Grum
  8356 | D:8      | Reached skill level 13 in Axes
  9615 | D:9      | Found a stormy altar of Qazlal.
  9629 | D:9      | Found a shattered altar of Ashenzari.
  9731 | D:9      | Found a basalt altar of Yredelemnul.
  9781 | D:9      | Received a gift from Trog
  9974 | D:10     | Entered Level 10 of the Dungeon
 10399 | D:10     | Reached XP level 11. HP: 69/97 MP: 3/10
 10519 | D:10     | Killed an unseen horror
 10519 | D:10     | Reached skill level 1 in Shields
 10802 | D:10     | Found a glowing golden altar of the Shining One.
 10802 | D:10     | Found a sparkling altar of Nemelex Xobeh.
 10813 | D:10     | Noticed a giant orange brain
 10818 | D:10     | Noticed an ettin
 10827 | D:10     | Noticed Snorg
 10846 | D:10     | Slain by Snorg

Vault maps used:
D:1:      minmay_arrival_hallway
D:3:      ecumenical_altar_1
D:4:      grunt_temple_overflow_open, tso_oasis_becter, temple_hall
D:5:      lemuel_crystal_altar, basic_altar, first_bread,
          minmay_misc_feat_encased
D:7:      serial_shops, shop
D:8:      the_bakery, nemelex_deck, uniq_grum, uniq_erica
D:9:      old_standard_altar, yredelemnul_altar_generic, st_stairs_13,
          kennysheep_decorative_pillar, grunt_qazlal_sundering
D:10:     lair_0_dummy, minivault_19, jmf_multi_god_temple, uniq_snorg
Temple:   circular_temple_12

Action                   |  1- 3 |  4- 6 |  7- 9 | 10-12 || total
-------------------------+-------+-------+-------+-------++-------
Melee: Hand axe          |    69 |    79 |   205 |       ||   353
       Battleaxe         |       |       |   151 |    68 ||   219
       War axe           |       |       |       |   146 ||   146
Invok: Berserk           |       |     2 |     3 |     1 ||     6
       Burn Spellbooks   |       |       |     1 |     1 ||     2
  Use: Scroll            |       |     1 |     9 |     3 ||    13
       Potion            |       |       |     3 |       ||     3
  Eat: Chunk             |     2 |     5 |    20 |     8 ||    35
       Fruit             |       |       |     1 |     1 ||     2
